 Dungeon Crawl Stone Soup version 0.19.1-1-g22dce08 (webtiles) character file.

84 ponk the Grave Robber (level 4, -4/30 HPs)
             Began as a Mummy Necromancer on Jan 11, 2017.
             Killed by divine providence
             ... invoked by an orc priest
              (14 damage)
             ... on level 3 of the Dungeon.
             The game lasted 00:14:53 (3425 turns).

ponk the Grave Robber (Mummy Necromancer)           Turns: 3425, Time: 00:14:54

Health: -4/30      AC:  3    Str: 11    XL:     4   Next: 23%
Magic:  1/9        EV: 14    Int: 15    God:
Gold:   107        SH:  0    Dex: 12    Spells: 3 memorised, 4 levels left

rFire  x . .     SeeInvis .     (no weapon)
rCold  + . .     Gourm    .     a - +0 robe
rNeg   + + +     Faith    .     (no shield)
rPois  ∞         Spirit   .     (no helmet)
rElec  .         Reflect  .     e - +0 cloak
rCorr  .         Harm     .     (no gloves)
MR     .....                    (no boots)
Stlth  ++........               (no amulet)
                                (no ring)
                                d - +2 ring of evasion

@: no status effects
A: no food or potions, fire vulnerability, cold resistance 1, negative energy
resistance 3, torment resistance, unbreathing
a: no special abilities


You were on level 3 of the Dungeon.
You were not hungry.

You visited 1 branch of the dungeon, and saw 3 of its levels.

You collected 107 gold pieces.

Inventory:

Missiles
 c - 5 silver javelins (quivered)
Armour
 a - a +0 robe (worn)
 e - a +0 cloak (worn)
Jewellery
 d - a +2 ring of evasion (left hand)
Scrolls
 f - a scroll of amnesia {unknown}
 g - a scroll of identify {unknown}
Books
 b - a book of Necromancy

   Spells                             Type                      Level
   a - Pain                           Necromancy                   1
   b - Animate Skeleton               Necromancy                   1
   c - Vampiric Draining              Necromancy                   3
   d - Regeneration                   Charms/Necromancy            3
   e - Animate Dead                   Necromancy                   4
   f - Control Undead                 Necromancy                   4


   Skills:
 - Level 1.7 Dodging
 - Level 1.5 Stealth
 + Level 3.7 Spellcasting
 - Level 4.4 Necromancy


You had 4 spell levels left.
You knew the following spells:

 Your Spells              Type           Power        Failure   Level  Hunger
a - Pain                  Necr           ###.         3%          1    N/A
b - Animate Skeleton      Necr           N/A          3%          1    N/A
c - Animate Dead          Necr           N/A          34%         4    N/A

Dungeon Overview and Level Annotations

Branches:
Dungeon (3/15)

Altars:
Dithmenos
Sif Muna


Innate Abilities, Weirdness & Mutations

You do not eat or drink.
Your flesh is vulnerable to fire.
You are immune to poison.
Your flesh is cold resistant. (rC+)
You are immune to negative energy. (rN+++)
You are immune to unholy pain and torment.
You can survive without breathing.


Message History

Casting: Pain
Confirm with . or Enter, or press ? or * to list all spells.
Aiming: Pain
Press: ? - help, Shift-Dir - straight line, f/p - orc priest
Aim: an orc priest (moderately wounded, chance to defeat MR: 75%)
The orc priest struggles to resist.
The orc priest calls down the wrath of Beogh upon you.
Beogh smites you!
* * * LOW HITPOINT WARNING * * *
Casting: Pain
Confirm with . or Enter, or press ? or * to list all spells.
Aiming: Pain
Press: ? - help, Shift-Dir - straight line, f/p - orc priest
Aim: an orc priest (moderately wounded, chance to defeat MR: 75%)
The orc priest writhes in agony!
The orc priest misses you.
You barely miss the orc priest.
The orc priest is heavily wounded.
The orc priest calls down the wrath of Beogh upon you.
Beogh smites you!
You die...

....< .o. ..(
#.# #o# #g# #.#
###########o#
#....<...@oo#
....###########
#


You could see an orc priest and 2 orcs.

Vanquished Creatures
  An adder (D:2)
  An ooze (D:1)
  2 dart slugs
  A worm (D:3)
  3 leopard geckos
  An orc (D:3)
  5 giant cockroaches
  6 goblins
  8 hobgoblins
  8 jackals (D:1)
  A ball python (D:1)
  4 bats
  7 frilled lizards
  5 kobolds
  2 rats (D:1)
55 creatures vanquished.

Notes
Turn   | Place    | Note
-------+----------+-------------------------------------------
     0 | D:1      | ponk the Mummy Necromancer began the quest for the Orb.
     0 | D:1      | Reached XP level 1. HP: 13/13 MP: 3/3
    96 | D:1      | Learned a level 1 spell: Animate Skeleton
   616 | D:1      | Reached XP level 2. HP: 19/19 MP: 1/5
  1520 | D:1      | Reached XP level 3. HP: 10/24 MP: 4/6
  2735 | D:2      | Reached XP level 4. HP: 30/30 MP: 4/9
  2921 | D:2      | Found a deep blue altar of Sif Muna.
  2940 | D:2      | Learned a level 4 spell: Animate Dead
  2961 | D:2      | Found a shadowy altar of Dithmenos.
  3425 | D:3      | Killed from afar by an orc priest

Skill      XL: |  1  2  3 |
---------------+----------+-----
Spellcasting   | 3 |  3.7
Dodging        | |  1.7
Stealth        | |  1.5
Necromancy     | |  4.4

Action                   |  1- 3 |  4- 6 || total
-------------------------+-------+-------++-------
Melee: Unarmed           |    69 |    19 ||    88
Throw: Javelin           |     5 |       ||     5
 Cast: Pain              |    85 |    20 ||   105
       Animate Skeleton  |     7 |       ||     7
  Use: Scroll            |     1 |       ||     1
Armor: Robe              |    34 |    11 ||    45
Dodge: Dodged            |    93 |    21 ||   114
